 Dungeon Crawl Stone Soup version 0.31-a0-986-g5e6e4ef867 (webtiles) character file.

Game seed: 12599468794732933532

626 Maratek the Poker (level 7, -1/55 HPs)
             Began as a Demonspawn Fighter on Nov 3, 2023.
             Was an Initiate of Qazlal.
             Slain by a gnoll sergeant
             ... wielding a +2 heavy spear
              (6 damage)
             ... on level 8 of the Dungeon.
             The game lasted 00:07:54 (4474 turns).

Maratek the Poker (Demonspawn Fighter)              Turns: 4474, Time: 00:07:54

Health: -1/55      AC: 10    Str: 19    XL:     7   Next: 23%
Magic:  7/7        EV:  9    Int:  9    God:    Qazlal [......]
Gold:   385        SH:  4    Dex: 12    Spells: 6/6 levels left

rFire   + . .        a - +1 trident
rCold   . . .        c - +0 buckler
rNeg    . . .        b - +0 scale mail
rPois   .            n - +0 helmet
rElec   .            (no cloak)
rCorr   .            (no gloves)
SInv    .            v - +0 pair of boots
Will    .....        (no amulet) Stlth
                     q - ring of protection from fire
HPRegen 0.29/turn    (no ring)
MPRegen 0.10/turn

%: no passive effects
@: no status effects
A: claws 1, rugged brown scales 1, foul stench 1, powered by death 1
a: Renounce Religion


You were on level 8 of the Dungeon.
You worshipped Qazlal.
Qazlal was noncommittal.
You visited 2 branches of the dungeon, and saw 8 of its levels.

You collected 385 gold pieces.

Inventory:

Hand Weapons
 a - a +1 trident (weapon)
Armour
 b - a +0 scale mail (worn)
 c - a +0 buckler (worn)
 n - a +0 helmet (worn)
 v - a +0 pair of boots (worn)
Jewellery
 q - a ring of protection from fire (left claw)
Wands
 j - a wand of polymorph (6)
 r - a wand of flame (24)
Scrolls
 o - 4 scrolls of teleportation
 u - 2 scrolls of blinking
 x - a scroll of fog
 y - a scroll of identify
Potions
 d - a potion of might
 e - a potion of haste
 f - 2 potions of brilliance {unknown}
 g - 8 potions of curing {unknown}
 h - 3 potions of cancellation {unknown}
 i - a potion of resistance {unknown}
 k - a potion of magic {unknown}
 l - a potion of degeneration {unknown}
 m - 3 potions of mutation {unknown}
 p - a potion of invisibility {unknown}
 s - a potion of lignification {unknown}
 t - a potion of ambrosia {unknown}
 w - a potion of heal wounds {unknown}


   Skills:
 + Level 4.1 Fighting
 + Level 4.8 Polearms
 + Level 4.4 Armour
 + Level 1.5 Dodging
 + Level 0.5 Stealth
 + Level 3.6 Shields


You had 6 spell levels left.
You didn't know any spells.
Your spell library contained the following spells:

 Spells                   Type           Power      Damage    Failure   Level
 Apportation              Tloc           0%         N/A       83%         1
 Necrotise                Necr           0%         1d4       83%         1
 Summon Small Mammal      Summ           0%         N/A       83%         1
 Wereblood                Tmut           0%         N/A       92%         2
 Inner Flame              Hex/Fire       0%         N/A       99%         3
 Irradiate                Conj/Tmut      0%         3d11      100%        5
 Yara's Violent Unravell  Hex/Tmut       0%         3d3       100%        5
 Enfeeble                 Hex            0%         N/A       100%        7


Dungeon Overview and Level Annotations

Branches:
Dungeon (6/15)             Temple (1/1) D:5

Altars:
Ashenzari
Cheibriados
Dithmenos
Fedhas
Gozag
Hepliaklqana
Kikubaaqudgha
Makhleb
Nemelex Xobeh
Okawaru
Qazlal
Sif Muna
Trog
Uskayaw
Wu Jian
Xom

Shops:
D:1 [


Innate Abilities, Weirdness & Mutations

You have sharp fingernails.
You are partially covered in rugged brown scales. (AC +1, +3% HP)
You may rarely emit foul miasma when damaged in melee.
You regenerate a little health from kills.


Message History

A deep elf pyromancer comes into view. It is wielding a +0 short sword.
The gnoll sergeant moves out of view.
You reach to attack!
The deep elf pyromancer shouts!
You puncture the troll!
The troll is moderately wounded.
You hear a shout!
An orc warrior comes into view. It is wielding a +0 dire flail.
The deep elf pyromancer gestures wildly while chanting.
The deep elf pyromancer blinks!
The troll attacks as it pursues you! The troll bites you! The troll claws you!
The troll claws you.
You closely miss the troll.
The troll is moderately wounded.
The troll bites you but does no damage. You block the troll's attack.
The troll claws you.
You hit the troll but do no damage.
The troll is moderately wounded.
You block the troll's attack. The troll claws you. The troll barely misses you.
You hit the troll.
The troll is moderately wounded.
The troll completely misses you.
The troll claws you but does no damage. x2
You hit the troll.
The troll is moderately wounded.
The gnoll sergeant hits you from afar with a +2 heavy spear.
The troll bites you! The troll closely misses you.
The troll claws you but does no damage.
You are too injured to fight recklessly!
You are too injured to fight recklessly!
You are too injured to fight recklessly!
You are too injured to fight recklessly!
You puncture the troll!
The troll is heavily wounded.
An orc comes into view. It is wielding a +0 mace.
The troll bites you. The troll claws you!
* * * LOW HITPOINT WARNING * * *
The troll claws you!
* * * LOW HITPOINT WARNING * * *
The gnoll sergeant hits you from afar with a +2 heavy spear.
You die...

##... ..# #..) e.# #
..|$ ..[ #.#. o.. ..#
###.#.. ..##..# .
#.#.#...###e....# .#
#..##.....g...# ...
#..#.....T####....
#..###....@.......
##....#####........
#.#.#^.........###...
#....##.##.#.###. #
####.##..........#
#.###.######### #.#
#.# #.# #.# #.# #.#


You could see a deep elf pyromancer, a troll, a gnoll sergeant and an orc.

Vanquished Creatures
  Menkaure (D:4)
  A water moccasin (D:6)
  An ogre (D:5)
  A scorpion (D:4)
  A hound (D:5)
  Jessica (D:2)
  A sleepcap (D:5)
  2 orc wizards (D:6)
  A gnoll (D:1)
  6 adders
  A shadow imp (D:5)
  2 worms (D:2)
  2 dart slugs (D:1)
  5 orcs
  3 endoplasms
  3 giant cockroaches
  3 goblins
  8 jackals
  6 quokkas
  11 ball pythons
  A bat (D:3)
  3 frilled lizards
  7 kobolds
  4 rats
75 creatures vanquished.

Notes
Turn   | Place    | Note
-------+----------+-------------------------------------------
     0 | D:1      | Maratek the Demonspawn Fighter began the quest for the Orb.
     0 | D:1      | Reached XP level 1. HP: 18/18 MP: 1/1
     0 | D:1      | Noticed a minotaur
     0 | D:1      | Noticed a vine stalker
     1 | D:1      | Noticed a gargoyle
     2 | D:1      | Noticed a troll
     4 | D:1      | Noticed a barachi
     6 | D:1      | Noticed a tengu
     8 | D:1      | Noticed a draconian
    11 | D:1      | Noticed a merfolk
    11 | D:1      | Noticed a tengu
    13 | D:1      | Noticed a demonspawn
    13 | D:1      | Noticed a draconian
    15 | D:1      | Noticed a dwarf
    17 | D:1      | Noticed a spriggan
    17 | D:1      | Noticed a troll
    19 | D:1      | Noticed a troll
    21 | D:1      | Noticed a troll
    85 | D:1      | Gained mutation: You may rarely emit foul miasma when
                  | damaged in melee. [demonic ancestry]
    85 | D:1      | Reached XP level 2. HP: 7/24 MP: 2/2
   379 | D:1      | Found Fobea's Antique Armour Emporium.
   519 | D:1      | Gained mutation: You regenerate a little health from kills.
                  | [demonic ancestry]
   519 | D:1      | Reached XP level 3. HP: 29/29 MP: 3/3
   585 | D:1      | Found a faded altar of an unknown god.
   994 | D:2      | Noticed Jessica
   997 | D:2      | Killed Jessica
   998 | D:2      | Gained mutation: You are partially covered in rugged brown
                  | scales. (AC +1, +3% HP) [demonic ancestry]
   998 | D:2      | Reached XP level 4. HP: 29/36 MP: 4/4
  2400 | D:4      | Noticed a scorpion
  2406 | D:4      | Killed a scorpion
  2407 | D:4      | Gained mutation: You have sharp fingernails. [demonic
                  | ancestry]
  2407 | D:4      | Reached XP level 5. HP: 40/43 MP: 5/5
  2503 | D:4      | Noticed Menkaure
  2512 | D:4      | Killed Menkaure
  2513 | D:4      | Reached skill level 1 in Dodging
  2513 | D:4      | Reached XP level 6. HP: 33/49 MP: 6/6
  2714 | D:4      | Found an opulent altar of Gozag.
  3026 | D:5      | Entered Level 5 of the Dungeon
  3198 | D:5      | Found a staircase to the Ecumenical Temple.
  3213 | Temple   | Entered the Ecumenical Temple
  3274 | D:5      | Found a blossoming altar of Fedhas.
  4031 | D:6      | Found a stormy altar of Qazlal.
  4034 | D:6      | Found a broken altar of Ashenzari.
  4040 | D:6      | Became a worshipper of Qazlal Stormbringer
  4063 | D:6      | Found an ornate altar of the Wu Jian Council.
  4077 | D:6      | Found a snail-covered altar of Cheibriados.
  4177 | D:6      | Noticed a water moccasin
  4183 | D:6      | Killed a water moccasin
  4184 | D:6      | Reached XP level 7. HP: 43/55 MP: 7/7
  4450 | D:6      | You fall into a shaft and drop 2 floors!
  4466 | D:8      | Noticed a troll
  4467 | D:8      | Noticed a deep elf pyromancer
  4474 | D:8      | Slain by a gnoll sergeant

Illustrated notes

Levels and vault maps discovered:
D:1:      shiori_arrival_whats_in_store_for_you, layout_basic,
          ebering_ecumenical_altar_abandoned, serial_shops, shop,
          palyth_stone_intersect
D:2:      layout_loops_ring, uniq_jessica
D:3:      layout_basic
D:4:      layout_cave_pods, mainiacjoe_overflow_paths, uniq_menkaure
D:5:      layout_loops_cross, lemuel_doored_altar,
          minmay_temple_entry_antechambers
D:6:      layout_loops_cross, grunt_temple_overflow_cloverleaf
D:8:      layout_loops_ring, mainiacjoe_overflow_catwalk,
          minmay_lair_entry_grove, minmay_radiant, uniq_maggie
Temple:   nicolae_temple_ecumenical_triangle

Skill      XL: |  1  2  3  4  5  6 |
---------------+-------------------+-----
Polearms       | 2 3 4 |  4.8
Armour         | 3 4 |  4.4
Shields        | 3 |  3.6
Dodging        | 1 |  1.5
Fighting       | 4 |  4.1
Stealth        | |  0.5

Action                     |  1- 3 |  4- 6 |  7- 9 || total
---------------------------+-------+-------+-------++-------
  Melee: Trident           |    65 |   192 |    19 ||   276
    Use: Scroll            |     3 |     5 |       ||     8
 Armour: Scale mail        |    66 |   109 |    29 ||   204
  Dodge: Dodged            |    25 |    76 |     8 ||   109
  Block: Buckler           |    20 |    30 |     3 ||    53

Table legend: (Time is in decaauts)
 A = Elapsed time spent in this place.
 B = Non-inter-level travel time spent in this place.
 C = Inter-level travel time spent in this place.
 D = Time resting spent in this place.
 E = Time spent auto-exploring this place.
 F = Levels seen in this place.
 G = Mean time per level.
                   A        B        C        D        E       F      G
               +--------+--------+--------+--------+--------+-----+--------+
         Total |   4521 |   4293 |    228 |    201 |   3462 |   8 |  565.1 |
       Dungeon |   4496 |   4292 |    204 |    201 |   3462 |   7 |  642.3 |
        Temple |     25 |      1 |     24 |      0 |      0 |   1 |   25.0 |
               +--------+--------+--------+--------+--------+-----+--------+

Top non-repeatable levels by time:
     D:5: 943 daAuts
     D:1: 916 daAuts
     D:4: 859 daAuts
     D:2: 672 daAuts
     D:3: 618 daAuts
     D:6: 461 daAuts
  Temple: 25 daAuts
     D:8: 24 daAuts
